Map: Ulrena

Players

zidar - Winner!

  • Race: Zerg Zerg
  • League: Gold
  • Spawn Location: 7:00

hallelujah

  • Race: Terran Terran
  • League: Gold
  • Spawn Location: 11:00

VOD

Have the link to the VOD?

Description

Time

  • Played on: July 3, 2016, 8:02 a.m.
  • Length: 17:00
Show
View Real Time Build Order
Export as new Build Order

zidar Zerg - Winner!

Build Orders: Hatch First, Muta Ling Bane 

Get SALT Encoding   

  12  0:01  Drone  
  13  0:12  Overlord  
  13  0:17  Drone  
  14  0:30  Drone x2  
  16  0:50  Hatchery  
  16  0:52  Drone  
  16  0:56  Extractor  
  15  0:58  Drone  
  16  1:16  Spawning Pool  
  16  1:17  Drone  
  16  1:22  Drone  
  17  1:30  Drone  
  18  1:35  Overlord  
  18  1:40  Drone  
  19  2:02  Queen  
  19  2:03  Queen  
  19  2:05  Zergling x2  
  19  2:07  Zergling x2  
  25  2:11  Zergling x2  
  26  2:26  Metabolic Boost  
  26  2:34  Zergling x6  
  29  2:38  Drone x3  
  32  2:49  Drone x2  
  34  2:53  Extractor  
  32  3:04  Roach Warren  
  31  3:07  Drone x4  
  35  3:12  Overlord  
  35  3:33  Pneumatized Carapace  
  35  3:35  Drone  
  35  3:40  Drone x5  
  41  3:51  Zergling x4  
  41  3:54  Overlord x2  
  43  4:03  Lair  
  44  4:31  Zergling x18  
  44  4:34  Hatchery  
  51  4:47  Baneling Nest  
  50  5:06  Overlord x3  
  50  5:07  Overlord x2  
  50  5:18  Queen, Extractor  
  51  5:23  Extractor  
  50  5:28  Drone x2  
  50  5:29  Drone x5  
  50  5:32  Centrifical Hooks  
  57  5:36  Baneling x7  
  57  5:50  Evolution Chamber  
  57  5:52  Evolution Chamber  
  48  6:05  Queen  
  48  6:08  Overseer  
  50  6:20  Drone x12  
  61  6:49  Spire  
  60  6:55  Drone x11  
  60  6:56  Drone  
  72  7:06  Overlord x2  
  72  7:09  Zerg Melee Weapons Level 1  
  72  7:11  Zergling x8  
  76  7:31  Extractor, Drone x4  
  76  7:34  Drone x3  
  76  7:35  Extractor  
  81  7:42  Zerg Ground Armor Level 1  
  81  7:51  Drone x2  
  83  8:00  Drone x2  
  83  8:01  Drone  
  83  8:03  Mutalisk x6  
  83  8:04  Mutalisk  
  100  8:16  Drone  
  100  8:17  Drone x2  
  100  8:19  Drone x2  
  105  8:20  Drone  
  105  8:25  Queen  
  108  8:36  Infestation Pit  
  107  8:57  Hatchery  
  107  9:00  Queen, Hatchery  
  107  9:03  Overlord x2  
  107  9:04  Overlord x2  
  107  9:06  Zerg Melee Weapons Level 2  
  107  9:57  Hive  
  107  9:58  Zerg Ground Armor Level 2  
  107  10:09  Zerg Flyer Weapons Level 1  
  107  10:12  Zergling x24  
  107  10:13  Zergling x14  
  126  10:15  Baneling x12  
  126  10:40  Drone  
  127  10:47  Zergling x6  
  127  10:48  Zergling x28  
  144  10:50  Baneling  
  144  10:51  Baneling x3  
  144  11:27  Overlord x3  
  144  11:28  Overlord  
  144  11:31  Zerg Melee Weapons Level 3, Adrenal Glands  
  144  11:42  Ultralisk Cavern  
  140  12:02  Drone  
  140  12:03  Drone x6  
  140  12:05  Zerg Flyer Weapons Level 2  
  147  12:35  Ultralisk x3  
  147  12:36  Ultralisk x2  
  177  12:38  Chitinous Plating  
  177  12:41  Overlord x2  
  177  12:42  Overlord x2  
  177  12:43  Overlord  
  177  12:59  Corruptor x2  
  177  13:00  Corruptor x4  
  177  13:01  Corruptor x2  
  177  13:02  Corruptor x3  
  199  13:08  Hatchery  
  148  14:02  Zergling x22  
  159  14:03  Zergling x6  
  159  14:04  Zergling x28  
  159  14:07  Baneling x13  
  159  14:08  Baneling x2  
  159  14:09  Baneling  
  171  15:19  Zergling x16  
  171  15:20  Corruptor x3  
  171  15:21  Corruptor x3  
  187  15:36  Baneling x4  
  187  15:37  Baneling x3  
  187  15:38  Baneling x2  
  187  15:40  Zergling x6  
  187  15:41  Zergling x2  
  141  16:25  Zergling x44  
  183  16:26  Zergling x8  
Show
View Real Time Build Order
Export as new Build Order

hallelujah Terran 

Build Orders:  

Get SALT Encoding   

  12  0:00  SCV  
  13  0:16  Supply Depot  
  13  0:17  SCV  
  14  0:29  SCV  
  15  0:39  Barracks  
  15  0:41  SCV  
  16  0:47  Refinery  
  16  0:53  SCV  
  17  1:05  SCV  
  18  1:19  SCV  
  19  1:35  Marine  
  19  1:36  Command Center  
  20  1:50  Orbital Command  
  20  2:03  Marine  
  20  2:04  Factory  
  21  2:22  SCV  
  22  2:36  Barracks Reactor  
  22  2:40  Supply Depot  
  22  2:43  SCV  
  23  2:47  Refinery  
  23  2:53  Bunker  
  23  2:56  Orbital Command  
  23  3:01  Factory Tech Lab, Supply Depot  
  23  3:07  Starport  
  23  3:13  SCV  
  23  3:18  Marine  
  25  3:25  SCV  
  28  3:29  Widow Mine  
  28  3:30  Barracks  
  28  3:35  SCV  
  28  3:39  Supply Depot  
  29  3:43  Marine x2  
  29  3:47  Medivac  
  33  3:56  SCV  
  33  4:01  Marine x2  
  36  4:04  Barracks  
  36  4:15  SCV  
  36  4:16  SCV  
  38  4:26  Marine x2  
  38  4:31  SCV  
  41  4:35  Siege Tank  
  41  4:36  Starport Reactor  
  41  4:37  Barracks Reactor, Supply Depot  
  44  4:43  Marine  
  44  4:44  Marine  
  46  4:57  Barracks Tech Lab  
  46  4:59  SCV  
  48  5:00  SCV  
  48  5:01  Marine x2  
  50  5:07  Engineering Bay  
  50  5:08  Siege Tank  
  50  5:10  Engineering Bay  
  53  5:19  Marine x2  
  55  5:29  Marine x3  
  55  5:32  SCV x2  
  60  5:37  Marine x2, Command Center  
  62  5:46  Marine  
  63  5:55  Marine x2  
  65  6:03  Marine x2  
  66  6:05  Terran Infantry Weapons Level 1  
  66  6:06  Combat Shield  
  66  6:14  SCV  
  67  6:22  Marine x2, Refinery  
  69  6:46  Marine x2  
  69  6:47  Marine  
  69  6:48  SCV  
  69  6:52  Supply Depot  
  69  6:53  Terran Infantry Armor Level 1  
  71  7:00  Barracks  
  71  7:04  Supply Depot, Orbital Command  
  71  7:05  Barracks  
  71  7:06  SCV x2  
  71  7:07  Supply Depot  
  73  7:09  Supply Depot  
  73  7:12  Marine x2  
  73  7:13  Marine  
  76  7:20  SCV x2  
  78  7:25  Refinery, Stimpack  
  78  7:30  Supply Depot  
  78  7:32  SCV x3  
  82  7:44  SCV x2  
  82  7:46  Armory, Marine, Marauder  
  82  7:49  Barracks Tech Lab  
  86  7:54  SCV  
  86  7:56  SCV, Starport  
  88  8:01  Barracks Tech Lab  
  88  8:08  Marauder  
  90  8:17  SCV x2  
  92  8:22  Marine, Marauder x2  
  92  8:24  Siege Tank  
  92  8:26  Orbital Command  
  100  8:29  Marauder  
  102  8:37  SCV x2  
  102  8:39  Starport Tech Lab  
  104  8:43  Marauder  
  104  8:44  Marauder  
  108  8:51  Marauder  
  108  8:52  Missile Turret  
  108  8:54  Marine x3, Fusion Core  
  113  8:56  Marine, Siege Tank  
  113  9:02  SCV x3  
  120  9:05  Marauder x2  
  124  9:18  Supply Depot x2  
  124  9:20  Supply Depot x2  
  124  9:21  SCV  
  125  9:26  Concussive Shells  
  125  9:27  Supply Depot  
  125  9:30  Supply Depot  
  125  9:34  Terran Infantry Weapons Level 2, Terran Infantry Armor Level 2, Supply Depot  
  125  9:36  SCV  
  125  9:39  SCV x2  
  125  9:40  Marauder x3  
  135  9:47  Widow Mine  
  135  9:48  Marine  
  135  9:49  Marine x2  
  138  10:00  SCV x2  
  138  10:01  Marauder x3  
  138  10:02  Marine  
  138  10:03  Medivac  
  138  10:06  Advanced Ballistics  
  149  10:08  Marine  
  149  10:10  Marine x2  
  154  10:15  Widow Mine  
  154  10:17  Refinery  
  154  10:19  Refinery  
  154  10:20  Medivac  
  156  10:22  Marauder x3  
  162  10:33  Marine x3  
  165  10:37  Hellion  
  165  10:39  SCV  
  168  10:44  Marauder x3  
  168  10:47  Command Center  
  174  10:50  Medivac  
  176  11:02  SCV x2  
  180  11:05  Widow Mine, Liberator  
  180  11:11  Terran Ship Weapons Level 1  
  180  11:15  Supply Depot  
  180  11:18  Marauder x2  
  184  11:20  Liberator x2  
  193  11:48  Liberator  
  184  12:00  Terran Infantry Weapons Level 3, Terran Infantry Armor Level 3, Missile Turret  
  184  12:03  Missile Turret  
  184  12:05  Missile Turret  
  184  12:07  Marine x7  
  194  12:24  Marine  
  194  12:25  Marine x2  
  194  12:26  Marauder  
  199  12:32  Missile Turret  
  199  12:34  Missile Turret  
  199  12:35  Planetary Fortress  
  199  12:41  Missile Turret  
  199  12:43  Marine  
  200  13:03  Refinery, Missile Turret  
  200  13:08  Refinery  
  200  13:10  Supply Depot  
  197  13:39  Liberator x2  
  139  13:43  Marine x7  
  107  13:55  Medivac  
  107  14:00  Marine  
  107  14:01  Marine x6  
  122  14:08  Liberator, Supply Depot  
  122  14:13  Terran Ship Weapons Level 2  
  122  14:18  Marine  
  122  14:19  Marine x6  
  122  14:22  Liberator  
  132  14:31  Supply Depot  
  132  14:36  Marine x3  
  132  14:37  Marine, Marauder x3  
  137  14:39  Medivac  
  131  14:54  Marine, Supply Depot  
  131  14:56  Marine  
  131  14:57  Marine x2  
  131  14:58  Marauder  
  131  14:59  Marauder x2  
  141  15:05  Liberator  
  139  15:08  Medivac  
  139  15:09  Medivac  
  139  15:12  Marine  
  142  15:14  Marine  
  142  15:15  Marine x2  
  142  15:20  Marauder x3  
  141  15:21  Liberator, Command Center  
  144  15:29  Marine  
  144  15:32  Marine x3  
  147  15:38  Siege Tank  
  147  15:41  Marine x2, Marauder  
  157  15:43  Hi-Sec Auto Tracking, Starport  
  157  15:47  Marine  
  156  15:50  Marine x3  
  120  15:59  Marine x2  
  120  16:02  Marine  
  100  16:10  Siege Tank  
  77  16:18  Marine x4  
  77  16:20  Marine  
  66  16:36  Marine x3  
  66  16:37  Marauder  
Tags
 
Composition
Muta Ling Bane
League
GoldGold
Matchup
TvZ
Spawn Locations
Close Positions
Add a new tag
Caveats
  • Supply blocks, unpowered buildings, or Contaminate may cause inaccurate times.
  • Supply counts are checked every 10 seconds.